[ AOE2 MATCH · #458839042 ]
UnrankedMongols vs Ethiopians
Player's team · LOSS
[ REPLAY ANALYSIS · EXTRACTED FROM THE RECORDED GAME ]
Feudal
9:01
Castle
20:01
Imperial
—
| APM avg | 41.3 |
| APM peak | 128 |
| eAPM avg | 16.5 |
| Villagers / military | 77 / 136 |
Focus
⚔️ 44.5% · 🌾 55.5%
Archer ×136
Feudal
11:27
Castle
26:16
Imperial
—
| APM avg | 41.0 |
| APM peak | 126 |
| eAPM avg | 15.4 |
| Villagers / military | 82 / 51 |
Focus
⚔️ 33.1% · 🌾 66.9%
Archer ×51
Feudal
9:03
Castle
21:50
Imperial
—
| APM avg | 48.9 |
| APM peak | 85 |
| eAPM avg | 26.7 |
| Villagers / military | 143 / 82 |
Focus
⚔️ 42.3% · 🌾 57.7%
Knight ×59 · Scout Cavalry ×13 · Spearman ×5 · Flemish Militia ×3 · Monk ×2
Feudal
9:48
Castle
26:43
Imperial
—
| APM avg | 26.3 |
| APM peak | 59 |
| eAPM avg | 14.1 |
| Villagers / military | 98 / 36 |
Focus
⚔️ 27.2% · 🌾 72.8%
Scout Cavalry ×12 · Mangudai ×9 · Archer ×6 · Spearman ×5 · Skirmisher ×2 · Mangonel ×1
Feudal
9:33
Castle
25:08
Imperial
—
| APM avg | 38.0 |
| APM peak | 87 |
| eAPM avg | 15.8 |
| Villagers / military | 78 / 74 |
Focus
⚔️ 47.0% · 🌾 53.0%
Archer ×72 · Spearman ×2
Feudal
9:50
Castle
22:53
Imperial
—
| APM avg | 36.2 |
| APM peak | 88 |
| eAPM avg | 20.5 |
| Villagers / military | 129 / 107 |
Focus
⚔️ 44.4% · 🌾 55.6%
Camel Scout ×63 · Shrivamsha Rider ×34 · Scout Cavalry ×9 · Monk ×1
Feudal
10:09
Castle
24:53
Imperial
—
| APM avg | 97.4 |
| APM peak | 194 |
| eAPM avg | 47.8 |
| Villagers / military | 86 / 95 |
Focus
⚔️ 63.1% · 🌾 36.9%
Knight ×62 · Scout Cavalry ×30 · Monk ×3
Feudal
8:34
Castle
20:39
Imperial
—
| APM avg | 50.8 |
| APM peak | 130 |
| eAPM avg | 31.3 |
| Villagers / military | 172 / 100 |
Focus
⚔️ 32.7% · 🌾 67.3%
Knight ×89 · Scout Cavalry ×8 · Camel Scout ×3
Match map
Initial resources + every placement click. Lines = walls · curves = elevation contours. ◆ gold · ⬟ stone · ● berries · ✦ relic · ◌ wall gap
Your base· Open — 4t gap
KhanShinnok's base
optimal_brain_damage's base
LordCow's base· Open — 5t gap
2rich4u81's base
schopeng's base· Open — unwalled flank
InsecT | ScoTherroR's base
memecoin enthusiast's base
Smoothed initial terrain · ◌ = detected wall gap · hover for details
Inputs per minute
— old_monk_aoe - - KhanShinnok
Build order — old_monk_aoe
First 150 of 228 actions detected
| 0:01 | Create | Villager (Male) |
| 0:01 | Create | Villager (Male) |
| 0:01 | Create | Villager (Male) |
| 0:01 | Create | Villager (Male) |
| 0:03 | Build | House |
| 0:04 | Build | House |
| 1:37 | Create | Villager (Male) |
| 1:37 | Create | Villager (Male) |
| 2:06 | Create | Villager (Male) |
| 2:06 | Create | Villager (Male) |
| 2:13 | Build | Lumber Camp |
| 2:14 | Create | Villager (Male) |
| 2:15 | Create | Villager (Male) |
| 2:41 | Create | Villager (Male) |
| 2:52 | Build | House |
| 3:26 | Create | Villager (Male) |
| 3:27 | Create | Villager (Male) |
| 3:32 | Create | Villager (Male) |
| 3:32 | Create | Villager (Male) |
| 3:52 | Create | Villager (Male) |
| 3:53 | Create | Villager (Male) |
| 4:04 | Build | House |
| 4:26 | Create | Villager (Male) |
| 4:27 | Create | Villager (Male) |
| 4:56 | Build | Mining Camp |
| 6:02 | Research | Loom |
| 6:51 | Research | Feudal Age |
| 6:51 | Research | Feudal Age |
| 7:46 | Build | Barracks |
| 8:11 | Create | Villager (Male) |
| 8:12 | Create | Villager (Male) |
| 9:01 | Age | Feudal Age |
| 9:03 | Build | Archery Range |
| 9:05 | Build | Archery Range |
| 9:06 | Research | Double-Bit Axe |
| 9:25 | Create | Villager (Male) |
| 9:46 | Build | Blacksmith |
| 9:58 | Create | Archer |
| 9:59 | Create | Archer |
| 10:02 | Create | Archer |
| 10:02 | Create | Archer |
| 10:05 | Create | Villager (Male) |
| 10:22 | Create | Villager (Male) |
| 10:23 | Create | Archer |
| 10:26 | Build | House |
| 10:45 | Research | Fletching |
| 10:53 | Create | Villager (Male) |
| 11:06 | Build | House |
| 11:08 | Build | House |
| 11:13 | Create | Archer |
| 11:13 | Create | Archer |
| 11:17 | Create | Villager (Male) |
| 11:20 | Build | Mill |
| 11:40 | Create | Archer |
| 11:41 | Create | Archer |
| 11:42 | Create | Villager (Male) |
| 11:53 | Create | Archer |
| 11:56 | Build | House |
| 12:01 | Build | Palisade Wall |
| 12:05 | Build | Farm |
| 12:07 | Build | Farm |
| 12:20 | Create | Archer |
| 12:34 | Build | Palisade Wall |
| 12:37 | Create | Archer |
| 12:38 | Create | Archer |
| 12:38 | Create | Villager (Male) |
| 12:51 | Create | Villager (Male) |
| 13:08 | Create | Villager (Male) |
| 13:30 | Create | Archer |
| 13:30 | Create | Archer |
| 13:34 | Build | Farm |
| 13:36 | Build | Farm |
| 13:37 | Create | Villager (Male) |
| 13:39 | Build | House |
| 14:01 | Create | Villager (Male) |
| 14:23 | Build | Farm |
| 14:25 | Build | Farm |
| 14:43 | Create | Villager (Male) |
| 14:46 | Create | Villager (Male) |
| 15:11 | Create | Villager (Male) |
| 15:19 | Build | Market |
| 15:35 | Create | Villager (Male) |
| 15:58 | Create | Villager (Male) |
| 16:11 | Create | Villager (Male) |
| 16:19 | Create | Archer |
| 16:19 | Create | Archer |
| 16:35 | Create | Archer |
| 17:21 | Research | Castle Age |
| 17:21 | Research | Castle Age |
| 17:59 | Build | Archery Range |
| 18:00 | Build | Palisade Wall |
| 18:08 | Create | Archer |
| 18:08 | Create | Archer |
| 18:47 | Build | Building 796 |
| 18:51 | Build | Palisade Wall |
| 19:07 | Create | Archer |
| 19:07 | Create | Archer |
| 19:07 | Create | Archer |
| 19:08 | Create | Archer |
| 19:17 | Research | Double-Bit Axe |
| 20:01 | Age | Castle Age |
| 20:04 | Research | Bodkin Arrow |
| 20:04 | Research | Bodkin Arrow |
| 20:06 | Create | Villager (Male) |
| 20:57 | Build | University |
| 21:02 | Research | Crossbowman (upgrade) |
| 21:02 | Research | Crossbowman (upgrade) |
| 21:12 | Build | Lumber Camp |
| 21:15 | Create | Archer |
| 21:15 | Create | Archer |
| 21:26 | Create | Villager (Male) |
| 21:55 | Research | Ballistics |
| 21:58 | Create | Archer ×2 |
| 21:59 | Create | Archer ×2 |
| 21:59 | Create | Villager (Male) |
| 22:00 | Create | Villager (Male) |
| 22:26 | Create | Villager (Male) |
| 22:45 | Create | Archer ×3 |
| 22:48 | Build | House |
| 22:53 | Create | Archer |
| 23:14 | Create | Archer |
| 23:15 | Create | Archer |
| 23:15 | Create | Villager (Male) |
| 23:40 | Build | House |
| 23:41 | Build | House |
| 23:41 | Build | House |
| 23:41 | Build | House |
| 23:42 | Build | House |
| 23:42 | Build | House |
| 24:06 | Create | Villager (Male) |
| 24:21 | Create | Villager (Male) |
| 24:40 | Create | Villager (Male) |
| 24:54 | Create | Archer |
| 24:54 | Create | Archer |
| 24:54 | Create | Archer |
| 24:59 | Create | Archer |
| 25:00 | Create | Archer |
| 25:10 | Build | Lumber Camp |
| 25:12 | Build | Farm |
| 25:13 | Build | Farm |
| 25:13 | Build | Farm |
| 25:13 | Build | Farm |
| 25:13 | Build | Farm |
| 25:27 | Build | Archery Range |
| 25:29 | Build | Farm |
| 26:01 | Create | Villager (Male) |
| 26:12 | Create | Villager (Male) |
| 26:55 | Create | Archer ×5 |
| 26:55 | Create | Villager (Male) |
| 27:05 | Create | Archer ×5 |
Build order — KhanShinnok
First 150 of 219 actions detected
| 0:01 | Create | Villager (Male) |
| 0:02 | Create | Villager (Male) |
| 0:02 | Create | Villager (Male) |
| 0:03 | Build | House |
| 0:04 | Build | House |
| 0:30 | Create | Villager (Male) |
| 0:31 | Create | Villager (Male) |
| 0:31 | Create | Villager (Male) |
| 1:34 | Create | Villager (Male) |
| 1:35 | Create | Villager (Male) |
| 2:16 | Create | Villager (Male) |
| 2:16 | Create | Villager (Male) |
| 2:16 | Create | Villager (Male) |
| 2:32 | Build | Lumber Camp |
| 2:51 | Create | Villager (Male) |
| 2:51 | Create | Villager (Male) |
| 3:07 | Create | Villager (Male) |
| 3:07 | Create | Villager (Male) |
| 3:36 | Create | Villager (Male) |
| 3:36 | Create | Villager (Male) |
| 4:06 | Build | House |
| 4:13 | Create | Villager (Male) |
| 4:13 | Create | Villager (Male) |
| 4:13 | Create | Villager (Male) |
| 5:09 | Create | Villager (Male) |
| 5:09 | Create | Villager (Male) |
| 5:09 | Create | Villager (Male) |
| 5:32 | Build | House |
| 5:35 | Research | Loom |
| 5:51 | Create | Villager (Male) |
| 5:51 | Create | Villager (Male) |
| 6:05 | Build | House |
| 6:06 | Build | House |
| 6:08 | Build | Palisade Wall |
| 6:49 | Create | Villager (Male) |
| 7:00 | Build | Mill |
| 7:11 | Create | Villager (Male) |
| 7:33 | Create | Villager (Male) |
| 7:41 | Build | House |
| 7:42 | Build | House |
| 7:44 | Build | Palisade Wall |
| 7:58 | Build | Mining Camp |
| 8:03 | Create | Villager (Male) |
| 8:15 | Build | Palisade Wall |
| 8:32 | Build | Palisade Wall |
| 8:34 | Build | Palisade Wall |
| 8:37 | Create | Villager (Male) |
| 9:05 | Create | Villager (Male) |
| 9:17 | Research | Feudal Age |
| 9:18 | Research | Feudal Age |
| 9:51 | Build | Palisade Wall |
| 9:53 | Build | Building 804 |
| 10:37 | Build | Barracks |
| 11:27 | Age | Feudal Age |
| 11:32 | Create | Villager (Male) |
| 11:32 | Create | Villager (Male) |
| 11:40 | Build | Archery Range |
| 11:43 | Build | Archery Range |
| 11:57 | Build | Palisade Wall |
| 12:13 | Build | Farm |
| 12:17 | Create | Villager (Male) |
| 12:17 | Create | Villager (Male) |
| 12:33 | Create | Archer |
| 12:34 | Create | Archer |
| 12:34 | Create | Archer |
| 12:34 | Create | Archer |
| 12:34 | Create | Archer |
| 12:35 | Create | Archer |
| 12:35 | Create | Archer |
| 12:52 | Build | Farm |
| 13:32 | Build | Market |
| 13:35 | Build | Stone Wall |
| 13:41 | Build | House |
| 13:44 | Build | House |
| 14:01 | Create | Villager (Male) |
| 14:01 | Create | Villager (Male) |
| 14:23 | Build | Lumber Camp |
| 14:38 | Create | Villager (Male) |
| 14:38 | Create | Villager (Male) |
| 14:44 | Build | Farm |
| 14:45 | Build | Farm |
| 14:46 | Build | Farm |
| 15:03 | Create | Archer |
| 15:04 | Create | Archer |
| 15:04 | Create | Archer |
| 15:23 | Build | Farm |
| 15:24 | Build | Farm |
| 15:33 | Create | Villager (Male) |
| 15:45 | Build | Farm |
| 15:52 | Create | Archer |
| 15:53 | Create | Archer |
| 16:01 | Create | Villager (Male) |
| 16:18 | Build | Farm |
| 16:20 | Create | Archer |
| 16:20 | Create | Archer |
| 16:25 | Create | Villager (Male) |
| 16:32 | Build | Farm |
| 16:36 | Create | Archer |
| 16:42 | Build | Farm |
| 16:43 | Build | Farm |
| 16:54 | Create | Villager (Male) |
| 16:56 | Create | Archer |
| 16:57 | Create | Archer |
| 17:16 | Create | Villager (Male) |
| 17:16 | Create | Villager (Male) |
| 17:18 | Create | Archer |
| 17:18 | Create | Archer |
| 17:19 | Create | Archer |
| 17:33 | Create | Archer |
| 17:33 | Create | Archer |
| 17:33 | Create | Archer |
| 17:39 | Create | Villager (Male) |
| 18:00 | Build | Blacksmith |
| 18:03 | Build | House |
| 18:16 | Create | Archer |
| 18:16 | Create | Archer |
| 18:19 | Create | Villager (Male) |
| 18:19 | Create | Villager (Male) |
| 18:19 | Create | Villager (Male) |
| 18:55 | Create | Archer |
| 18:55 | Create | Archer |
| 18:55 | Create | Archer |
| 19:40 | Research | Padded Archer Armor |
| 19:40 | Research | Padded Archer Armor |
| 19:40 | Research | Fletching |
| 19:41 | Research | Fletching |
| 19:41 | Research | Fletching |
| 20:06 | Create | Villager (Male) |
| 20:07 | Create | Villager (Male) |
| 20:09 | Create | Archer |
| 20:09 | Create | Archer |
| 20:09 | Create | Archer |
| 20:09 | Create | Archer |
| 21:00 | Create | Archer |
| 21:01 | Create | Archer |
| 21:01 | Create | Archer |
| 21:07 | Build | House |
| 21:08 | Build | House |
| 21:08 | Build | House |
| 21:09 | Build | House |
| 21:10 | Build | House |
| 21:12 | Build | House |
| 21:14 | Create | Villager (Male) |
| 21:19 | Build | Farm |
| 21:20 | Build | Farm |
| 21:23 | Build | Farm |
| 21:24 | Build | Farm |
| 22:13 | Create | Villager (Male) |
| 22:35 | Build | House |
| 23:36 | Research | Castle Age |
Build order — optimal_brain_damage
First 150 of 353 actions detected
| 0:00 | Create | Villager (Male) |
| 0:00 | Create | Villager (Male) |
| 0:01 | Create | Villager (Male) |
| 0:01 | Create | Villager (Male) |
| 0:02 | Build | House |
| 0:03 | Build | House |
| 1:24 | Create | Villager (Male) |
| 1:24 | Create | Villager (Male) |
| 2:02 | Create | Villager (Male) |
| 2:11 | Create | Villager (Male) |
| 2:11 | Create | Villager (Male) |
| 2:40 | Build | Lumber Camp |
| 2:46 | Create | Villager (Male) |
| 2:53 | Create | Villager (Male) |
| 3:16 | Create | Villager (Male) |
| 3:33 | Research | Double-Bit Axe |
| 3:52 | Build | House |
| 4:06 | Create | Villager (Male) |
| 4:07 | Create | Villager (Male) |
| 4:28 | Create | Villager (Male) |
| 4:29 | Create | Villager (Male) |
| 4:29 | Create | Villager (Male) |
| 5:51 | Create | Villager (Male) |
| 6:20 | Create | Villager (Male) |
| 6:22 | Build | Mill |
| 6:31 | Research | Double-Bit Axe |
| 6:49 | Research | Loom |
| 6:53 | Research | Feudal Age |
| 7:21 | Build | Lumber Camp |
| 7:50 | Research | Loom |
| 7:58 | Build | House |
| 8:18 | Build | Barracks |
| 9:03 | Age | Feudal Age |
| 9:05 | Build | Stable |
| 9:20 | Create | Villager (Male) |
| 9:22 | Research | Horse Collar |
| 9:33 | Create | Villager (Male) |
| 9:41 | Build | Farm |
| 9:49 | Build | Farm |
| 9:49 | Create | Villager (Male) |
| 9:56 | Create | Scout Cavalry |
| 10:00 | Build | House |
| 10:06 | Build | Building 804 |
| 10:08 | Build | House |
| 10:12 | Create | Scout Cavalry |
| 10:21 | Create | Villager (Male) |
| 10:24 | Build | Farm |
| 10:31 | Create | Villager (Male) |
| 10:44 | Build | Farm |
| 10:48 | Create | Scout Cavalry |
| 10:52 | Build | Farm |
| 11:07 | Create | Villager (Male) |
| 11:13 | Build | Farm |
| 11:29 | Create | Villager (Male) |
| 11:31 | Build | Farm |
| 11:38 | Create | Villager (Male) |
| 11:46 | Build | Farm |
| 12:00 | Build | Farm |
| 12:08 | Create | Scout Cavalry |
| 12:18 | Create | Villager (Male) |
| 12:28 | Build | Mill |
| 12:29 | Create | Spearman |
| 12:34 | Create | Villager (Male) |
| 12:58 | Create | Villager (Male) |
| 13:02 | Create | Villager (Male) |
| 13:06 | Create | Spearman |
| 13:14 | Build | House |
| 13:15 | Build | House |
| 13:42 | Create | Scout Cavalry |
| 13:43 | Create | Villager (Male) |
| 13:53 | Build | Farm |
| 13:53 | Create | Villager (Male) |
| 14:00 | Create | Scout Cavalry |
| 14:06 | Build | House |
| 14:15 | Build | Farm |
| 14:16 | Build | Farm |
| 14:18 | Build | Farm |
| 14:20 | Build | Farm |
| 14:23 | Create | Scout Cavalry |
| 14:27 | Research | Bow Saw |
| 14:29 | Create | Villager (Male) |
| 14:29 | Create | Villager (Male) |
| 14:37 | Build | Farm |
| 14:42 | Create | Villager (Male) |
| 14:54 | Create | Scout Cavalry |
| 15:01 | Build | House |
| 15:04 | Build | Palisade Wall |
| 15:14 | Build | Palisade Wall |
| 15:15 | Create | Villager (Male) |
| 15:22 | Create | Scout Cavalry |
| 15:23 | Create | Villager (Male) |
| 15:26 | Build | Farm |
| 15:58 | Create | Villager (Male) |
| 16:11 | Create | Scout Cavalry |
| 16:12 | Create | Villager (Male) |
| 16:15 | Build | Farm |
| 16:17 | Build | Farm |
| 16:21 | Build | Farm |
| 16:23 | Build | Farm |
| 16:25 | Create | Villager (Male) |
| 16:31 | Build | Palisade Wall |
| 16:32 | Build | Palisade Wall |
| 16:32 | Build | Palisade Wall |
| 16:39 | Build | Palisade Wall |
| 16:41 | Build | Palisade Wall |
| 16:42 | Build | House |
| 16:43 | Create | Villager (Male) |
| 16:46 | Build | Mining Camp |
| 16:53 | Create | Scout Cavalry |
| 16:53 | Create | Villager (Male) |
| 17:10 | Build | Palisade Wall |
| 17:18 | Create | Scout Cavalry |
| 17:34 | Create | Villager (Male) |
| 17:42 | Create | Villager (Male) |
| 18:00 | Build | Blacksmith |
| 18:04 | Create | Scout Cavalry |
| 18:11 | Create | Villager (Male) |
| 18:40 | Create | Villager (Male) |
| 18:59 | Build | Farm |
| 19:10 | Research | Castle Age |
| 19:17 | Research | Heavy Plow |
| 19:29 | Research | Scale Barding Armor |
| 19:43 | Create | Villager (Male) |
| 19:54 | Research | Forging |
| 20:02 | Build | Farm |
| 20:02 | Build | Farm |
| 20:04 | Build | Farm |
| 20:05 | Build | Farm |
| 20:58 | Create | Villager (Male) |
| 21:07 | Create | Villager (Male) |
| 21:10 | Build | Stable |
| 21:14 | Build | Stable |
| 21:32 | Research | Gold Mining |
| 21:49 | Create | Villager (Male) |
| 21:50 | Create | Villager (Male) |
| 21:50 | Age | Castle Age |
| 21:53 | Research | Cavalier (upgrade) |
| 21:54 | Research | Husbandry |
| 21:55 | Research | Chain Barding Armor |
| 21:56 | Create | Knight |
| 21:57 | Create | Knight |
| 21:59 | Create | Villager (Male) |
| 22:03 | Build | Mining Camp |
| 22:09 | Create | Villager (Male) |
| 22:23 | Create | Knight |
| 22:24 | Create | Villager (Male) |
| 22:28 | Create | Villager (Male) |
| 22:36 | Create | Villager (Male) |
| 22:44 | Research | Gold Shaft Mining |
| 22:48 | Create | Knight |
Build order — LordCow
First 150 of 236 actions detected
| 0:02 | Create | Villager (Male) |
| 0:02 | Create | Villager (Male) |
| 0:04 | Build | House |
| 0:05 | Build | House |
| 0:50 | Create | Villager (Male) |
| 0:51 | Create | Villager (Male) |
| 1:29 | Create | Villager (Male) |
| 2:06 | Create | Villager (Male) |
| 2:28 | Create | Villager (Male) |
| 2:37 | Build | House |
| 2:41 | Build | House |
| 2:44 | Build | Lumber Camp |
| 2:53 | Create | Villager (Male) |
| 3:00 | Create | Villager (Male) |
| 3:36 | Create | Villager (Male) |
| 3:36 | Create | Villager (Male) |
| 4:07 | Create | Villager (Male) |
| 4:42 | Create | Villager (Male) |
| 4:52 | Build | Lumber Camp |
| 5:33 | Create | Villager (Male) |
| 5:33 | Create | Villager (Male) |
| 5:44 | Create | Villager (Male) |
| 6:17 | Research | Loom |
| 6:29 | Build | Mill |
| 6:36 | Create | Villager (Male) |
| 7:15 | Research | Feudal Age |
| 7:29 | Build | Mill |
| 7:57 | Create | Villager (Male) |
| 8:59 | Build | Barracks |
| 9:48 | Age | Feudal Age |
| 9:52 | Build | Stable |
| 9:54 | Create | Villager (Male) |
| 10:41 | Create | Scout Cavalry |
| 10:47 | Build | Mill |
| 10:53 | Create | Spearman |
| 10:59 | Create | Scout Cavalry |
| 11:04 | Build | House |
| 11:07 | Build | Palisade Wall |
| 11:38 | Create | Villager (Male) |
| 11:41 | Create | Scout Cavalry |
| 11:42 | Create | Scout Cavalry |
| 11:45 | Create | Villager (Male) |
| 12:00 | Build | Palisade Wall |
| 12:10 | Build | Mining Camp |
| 12:11 | Create | Villager (Male) |
| 12:11 | Create | Villager (Male) |
| 12:16 | Create | Villager (Male) |
| 12:17 | Create | Villager (Male) |
| 12:20 | Build | Archery Range |
| 12:26 | Create | Villager (Male) |
| 12:26 | Create | Villager (Male) |
| 12:37 | Build | Palisade Wall |
| 12:49 | Create | Scout Cavalry |
| 12:55 | Build | House |
| 13:08 | Research | Wheelbarrow |
| 13:25 | Build | Blacksmith |
| 13:34 | Create | Scout Cavalry |
| 13:56 | Create | Villager (Male) |
| 14:10 | Build | Watch Tower |
| 14:21 | Create | Villager (Male) |
| 14:25 | Build | House |
| 14:36 | Create | Villager (Male) |
| 14:37 | Create | Villager (Male) |
| 14:49 | Create | Villager (Male) |
| 14:53 | Research | Fletching |
| 14:55 | Research | Scale Barding Armor |
| 15:08 | Create | Spearman |
| 15:11 | Build | House |
| 15:23 | Build | Lumber Camp |
| 15:26 | Create | Villager (Male) |
| 15:27 | Create | Villager (Male) |
| 16:12 | Build | Farm |
| 16:13 | Research | Horse Collar |
| 16:14 | Create | Villager (Male) |
| 16:14 | Create | Villager (Male) |
| 16:20 | Create | Scout Cavalry |
| 16:26 | Create | Archer |
| 16:27 | Create | Archer |
| 16:36 | Build | Farm |
| 17:10 | Create | Villager (Male) |
| 17:10 | Create | Villager (Male) |
| 17:11 | Create | Villager (Male) |
| 17:15 | Build | Market |
| 17:35 | Create | Villager (Male) |
| 17:44 | Build | Mining Camp |
| 17:48 | Build | Mining Camp |
| 17:55 | Research | Fletching |
| 17:57 | Create | Archer |
| 17:57 | Create | Archer |
| 18:08 | Build | Farm |
| 18:08 | Build | Farm |
| 18:08 | Build | Farm |
| 18:08 | Build | Farm |
| 18:09 | Build | Farm |
| 18:09 | Build | Farm |
| 18:13 | Create | Scout Cavalry |
| 18:18 | Build | House |
| 18:44 | Build | House |
| 18:46 | Build | House |
| 18:53 | Build | House |
| 18:55 | Build | House |
| 18:59 | Build | House |
| 19:03 | Create | Villager (Male) |
| 19:03 | Create | Villager (Male) |
| 19:33 | Build | Farm |
| 19:33 | Build | Farm |
| 19:33 | Build | Farm |
| 19:34 | Build | Farm |
| 19:34 | Build | Farm |
| 19:34 | Build | Farm |
| 19:34 | Build | Farm |
| 19:40 | Create | Scout Cavalry |
| 20:02 | Build | Watch Tower |
| 20:33 | Create | Scout Cavalry |
| 20:34 | Create | Scout Cavalry |
| 21:26 | Create | Skirmisher |
| 21:26 | Create | Skirmisher |
| 21:34 | Build | Farm |
| 21:34 | Build | Farm |
| 21:34 | Build | Farm |
| 21:34 | Build | Farm |
| 21:40 | Build | House |
| 21:52 | Build | Farm |
| 21:52 | Build | Farm |
| 22:20 | Create | Villager (Male) |
| 22:21 | Create | Villager (Male) |
| 22:26 | Build | Farm |
| 22:28 | Create | Villager (Male) |
| 22:28 | Create | Villager (Male) |
| 22:42 | Create | Archer |
| 22:42 | Create | Archer |
| 22:51 | Build | Farm |
| 22:59 | Build | Palisade Wall |
| 23:49 | Build | Farm |
| 23:50 | Build | Farm |
| 24:03 | Research | Castle Age |
| 24:21 | Build | Lumber Camp |
| 24:23 | Research | Double-Bit Axe |
| 26:43 | Age | Castle Age |
| 27:05 | Build | Castle |
| 27:12 | Create | Villager (Male) |
| 27:12 | Create | Villager (Male) |
| 27:12 | Create | Villager (Male) |
| 27:33 | Build | Town Center |
| 27:35 | Create | Villager (Male) |
| 27:40 | Research | Husbandry |
| 27:41 | Research | Bloodlines |
| 27:47 | Build | Lumber Camp |
| 27:52 | Build | Siege Workshop |
| 28:22 | Create | Spearman |
Build order — 2rich4u81
First 150 of 235 actions detected
| 0:01 | Create | Villager (Male) ×4 |
| 0:04 | Build | House |
| 1:26 | Create | Villager (Male) |
| 2:11 | Create | Villager (Male) |
| 2:23 | Create | Villager (Male) |
| 3:03 | Build | Settlement |
| 3:09 | Create | Villager (Male) |
| 3:12 | Create | Villager (Male) |
| 3:22 | Create | Villager (Male) |
| 4:01 | Create | Villager (Male) |
| 4:01 | Create | Villager (Male) |
| 4:02 | Create | Villager (Male) |
| 4:42 | Create | Villager (Male) |
| 4:52 | Create | Villager (Male) |
| 5:20 | Build | Settlement |
| 6:25 | Create | Villager (Male) |
| 6:27 | Research | Loom |
| 7:23 | Research | Feudal Age |
| 7:42 | Build | Settlement |
| 8:52 | Create | Villager (Male) |
| 9:07 | Build | Barracks |
| 9:12 | Create | Villager (Male) |
| 9:33 | Age | Feudal Age |
| 9:39 | Research | Double-Bit Axe |
| 9:58 | Create | Villager (Male) |
| 10:10 | Build | Archery Range |
| 10:21 | Create | Spearman |
| 10:48 | Create | Villager (Male) |
| 10:51 | Create | Archer |
| 11:01 | Build | Archery Range |
| 11:04 | Create | Archer |
| 11:07 | Create | Villager (Male) |
| 11:16 | Create | Villager (Male) |
| 11:22 | Create | Archer |
| 11:26 | Build | House |
| 11:27 | Build | Palisade Wall |
| 11:30 | Create | Villager (Male) |
| 11:35 | Build | Palisade Wall |
| 11:40 | Build | Palisade Wall |
| 11:47 | Build | Palisade Wall |
| 11:50 | Create | Archer |
| 12:02 | Create | Archer |
| 12:03 | Create | Villager (Male) |
| 12:11 | Build | Palisade Wall |
| 12:17 | Build | Palisade Gate |
| 12:20 | Create | Archer |
| 12:21 | Create | Villager (Male) |
| 12:32 | Build | Blacksmith |
| 12:35 | Build | Palisade Gate |
| 12:38 | Build | House |
| 12:41 | Create | Archer |
| 12:41 | Create | Archer |
| 12:42 | Create | Villager (Male) |
| 13:00 | Create | Archer |
| 13:04 | Build | Palisade Gate |
| 13:06 | Build | Palisade Wall |
| 13:09 | Create | Villager (Male) |
| 13:15 | Build | Palisade Wall |
| 13:45 | Create | Archer |
| 13:56 | Build | Building 796 |
| 14:02 | Create | Archer |
| 14:03 | Create | Villager (Male) |
| 14:13 | Build | Farm |
| 14:28 | Build | Palisade Wall |
| 14:33 | Build | Farm |
| 14:41 | Build | Farm |
| 14:44 | Build | Farm |
| 14:49 | Create | Villager (Male) |
| 14:55 | Build | Farm |
| 15:05 | Build | Farm |
| 15:16 | Create | Villager (Male) |
| 15:29 | Build | Farm |
| 15:53 | Create | Villager (Male) |
| 15:56 | Build | Farm |
| 16:00 | Create | Archer |
| 16:10 | Build | Palisade Wall |
| 16:12 | Build | Palisade Wall |
| 16:15 | Create | Archer |
| 16:16 | Create | Villager (Male) |
| 16:22 | Create | Archer |
| 16:35 | Build | Building 796 |
| 16:39 | Create | Archer |
| 16:39 | Create | Villager (Male) |
| 17:02 | Create | Archer |
| 17:02 | Create | Archer |
| 17:13 | Create | Archer |
| 17:13 | Create | Archer |
| 17:16 | Create | Villager (Male) |
| 17:19 | Build | Farm |
| 17:26 | Build | Palisade Gate |
| 17:31 | Research | Fletching |
| 17:37 | Build | Farm |
| 17:44 | Create | Archer |
| 17:45 | Create | Villager (Male) |
| 17:51 | Create | Archer |
| 17:59 | Build | Settlement |
| 18:10 | Create | Archer |
| 18:11 | Create | Villager (Male) |
| 18:20 | Build | Farm |
| 18:22 | Create | Archer |
| 18:34 | Create | Archer |
| 18:41 | Create | Villager (Male) |
| 18:44 | Build | Farm |
| 19:09 | Research | Wheelbarrow |
| 19:12 | Create | Archer |
| 19:26 | Research | Padded Archer Armor |
| 19:44 | Create | Spearman |
| 19:51 | Build | Farm |
| 20:14 | Create | Archer |
| 21:07 | Create | Archer |
| 21:09 | Create | Villager (Male) |
| 22:03 | Create | Villager (Male) |
| 22:06 | Create | Archer |
| 22:13 | Build | Farm |
| 22:18 | Research | Castle Age |
| 22:42 | Build | Settlement |
| 22:46 | Create | Archer |
| 22:47 | Create | Villager (Male) |
| 22:56 | Build | Palisade Gate |
| 22:59 | Build | House |
| 23:01 | Create | Archer |
| 23:02 | Create | Archer |
| 23:16 | Create | Archer |
| 23:17 | Create | Archer |
| 23:53 | Create | Archer |
| 23:54 | Create | Villager (Male) |
| 24:06 | Build | House |
| 24:11 | Build | Farm |
| 24:13 | Create | Archer |
| 24:15 | Create | Villager (Male) |
| 24:33 | Build | House |
| 24:34 | Build | House |
| 24:51 | Build | House |
| 24:55 | Build | House |
| 25:03 | Build | Palisade Wall |
| 25:08 | Age | Castle Age |
| 25:12 | Research | Crossbowman (upgrade) |
| 25:13 | Research | Thumb Ring |
| 25:15 | Research | Bodkin Arrow |
| 25:15 | Create | Villager (Male) |
| 25:36 | Research | Leather Archer Armor |
| 25:36 | Create | Villager (Male) |
| 25:46 | Build | Town Center |
| 25:54 | Research | Bow Saw |
| 25:55 | Research | Bow Saw |
| 26:05 | Create | Archer |
| 26:05 | Create | Archer |
| 26:24 | Create | Archer |
| 26:25 | Create | Villager (Male) |
| 27:04 | Create | Archer |
Build order — schopeng
First 150 of 344 actions detected
| 0:01 | Create | Villager (Male) ×4 |
| 0:03 | Build | House |
| 0:05 | Build | House |
| 1:25 | Build | Mill |
| 1:28 | Create | Villager (Male) |
| 1:28 | Create | Villager (Male) |
| 1:58 | Create | Villager (Male) |
| 2:20 | Create | Villager (Male) |
| 2:20 | Create | Villager (Male) |
| 2:57 | Create | Villager (Male) |
| 2:57 | Create | Villager (Male) |
| 3:14 | Create | Villager (Male) |
| 3:15 | Create | Villager (Male) |
| 3:39 | Create | Villager (Male) |
| 3:39 | Create | Villager (Male) |
| 3:44 | Build | House |
| 3:53 | Build | House |
| 4:44 | Create | Villager (Male) |
| 4:45 | Create | Villager (Male) |
| 4:45 | Create | Villager (Male) |
| 5:28 | Create | Villager (Male) |
| 5:29 | Create | Villager (Male) |
| 5:29 | Create | Villager (Male) |
| 5:34 | Build | Lumber Camp |
| 5:38 | Create | Villager (Male) |
| 5:38 | Create | Villager (Male) |
| 6:30 | Create | Villager (Male) |
| 6:40 | Research | Loom |
| 7:20 | Research | Feudal Age |
| 8:22 | Build | Barracks |
| 8:25 | Build | House |
| 8:56 | Create | Villager (Male) |
| 9:14 | Build | House |
| 9:50 | Age | Feudal Age |
| 9:53 | Build | Stable |
| 9:57 | Research | Double-Bit Axe |
| 10:00 | Create | Villager (Male) |
| 10:22 | Create | Villager (Male) |
| 10:35 | Create | Camel Scout |
| 10:36 | Create | Scout Cavalry |
| 10:36 | Create | Scout Cavalry |
| 10:36 | Create | Scout Cavalry |
| 10:42 | Build | House |
| 10:44 | Build | Palisade Wall |
| 10:45 | Build | Palisade Wall |
| 10:51 | Create | Villager (Male) |
| 10:57 | Build | Mining Camp |
| 11:05 | Create | Villager (Male) |
| 11:26 | Create | Villager (Male) |
| 11:53 | Build | House |
| 12:03 | Research | Horse Collar |
| 12:05 | Build | Farm |
| 12:06 | Build | Farm |
| 12:26 | Build | Farm |
| 12:50 | Create | Villager (Male) |
| 13:00 | Create | Villager (Male) |
| 13:03 | Create | Camel Scout |
| 13:40 | Create | Villager (Male) |
| 13:42 | Create | Camel Scout |
| 13:42 | Create | Camel Scout |
| 13:46 | Create | Villager (Male) |
| 13:49 | Build | Farm |
| 13:51 | Build | Farm |
| 13:54 | Build | Farm |
| 13:55 | Build | Farm |
| 13:59 | Build | Farm |
| 14:11 | Create | Villager (Male) |
| 14:26 | Build | Farm |
| 14:33 | Build | House |
| 14:35 | Build | Palisade Wall |
| 14:40 | Create | Scout Cavalry |
| 14:58 | Create | Villager (Male) |
| 14:58 | Create | Villager (Male) |
| 15:08 | Research | Town Watch |
| 15:17 | Create | Villager (Male) |
| 15:18 | Create | Villager (Male) |
| 15:45 | Create | Villager (Male) |
| 15:56 | Create | Villager (Male) |
| 15:57 | Create | Villager (Male) |
| 16:05 | Build | Blacksmith |
| 16:08 | Build | House |
| 16:10 | Create | Villager (Male) |
| 16:10 | Create | Villager (Male) |
| 16:14 | Build | Farm |
| 16:38 | Build | Farm |
| 17:01 | Research | Bloodlines |
| 17:03 | Create | Camel Scout |
| 17:03 | Create | Camel Scout |
| 17:09 | Create | Villager (Male) |
| 17:10 | Create | Villager (Male) |
| 17:36 | Build | Stable |
| 17:41 | Research | Scale Barding Armor |
| 17:46 | Create | Villager (Male) |
| 18:04 | Create | Camel Scout |
| 18:05 | Create | Camel Scout |
| 18:09 | Build | Farm |
| 18:12 | Build | Farm |
| 18:28 | Create | Villager (Male) |
| 18:38 | Build | Farm |
| 18:40 | Build | Farm |
| 18:58 | Build | Farm |
| 19:01 | Create | Villager (Male) |
| 19:05 | Build | House |
| 19:07 | Build | Palisade Wall |
| 19:10 | Build | House |
| 19:12 | Build | Palisade Wall |
| 19:38 | Create | Villager (Male) |
| 20:13 | Research | Castle Age |
| 20:17 | Create | Camel Scout |
| 20:18 | Create | Camel Scout |
| 20:32 | Build | House |
| 20:36 | Create | Camel Scout |
| 20:37 | Create | Camel Scout |
| 20:42 | Build | Farm |
| 20:43 | Build | Farm |
| 20:47 | Build | Farm |
| 20:56 | Build | Farm |
| 21:00 | Build | Farm |
| 21:10 | Research | Forging |
| 21:17 | Create | Villager (Male) |
| 21:17 | Create | Villager (Male) |
| 21:26 | Create | Villager (Male) |
| 21:26 | Create | Villager (Male) |
| 21:48 | Create | Camel Scout |
| 21:48 | Create | Camel Scout |
| 22:09 | Create | Camel Scout |
| 22:11 | Create | Villager (Male) |
| 22:11 | Create | Villager (Male) |
| 22:25 | Build | House |
| 22:29 | Build | Palisade Wall |
| 22:45 | Build | Palisade Wall |
| 22:46 | Build | Palisade Wall |
| 22:47 | Build | Palisade Wall |
| 22:48 | Build | Palisade Wall |
| 22:50 | Build | Palisade Wall |
| 22:53 | Age | Castle Age |
| 23:00 | Create | Camel Scout |
| 23:00 | Create | Camel Scout |
| 23:17 | Create | Shrivamsha Rider |
| 23:17 | Create | Shrivamsha Rider |
| 23:17 | Create | Shrivamsha Rider |
| 23:31 | Build | Stable |
| 23:32 | Build | House |
| 23:47 | Create | Camel Scout |
| 23:47 | Create | Camel Scout |
| 23:48 | Create | Villager (Male) |
| 23:48 | Create | Villager (Male) |
| 23:49 | Create | Villager (Male) |
| 23:49 | Create | Villager (Male) |
| 23:49 | Create | Villager (Male) |
Build order — InsecT | ScoTherroR
First 150 of 276 actions detected
| 0:01 | Create | Villager (Male) |
| 0:01 | Create | Villager (Male) |
| 0:08 | Create | Villager (Male) |
| 0:08 | Create | Villager (Male) |
| 1:19 | Create | Villager (Male) |
| 1:19 | Create | Villager (Male) |
| 1:36 | Create | Villager (Male) |
| 1:36 | Create | Villager (Male) |
| 1:46 | Build | Lumber Camp |
| 1:51 | Build | Lumber Camp |
| 1:59 | Create | Villager (Male) |
| 1:59 | Create | Villager (Male) |
| 2:45 | Create | Villager (Male) |
| 2:45 | Create | Villager (Male) |
| 3:07 | Create | Villager (Male) |
| 3:08 | Create | Villager (Male) |
| 3:36 | Create | Villager (Male) |
| 3:36 | Create | Villager (Male) |
| 3:55 | Create | Villager (Male) |
| 4:09 | Build | Mill |
| 4:17 | Create | Villager (Male) |
| 4:18 | Create | Villager (Male) |
| 4:47 | Create | Villager (Male) |
| 5:12 | Create | Villager (Male) |
| 5:12 | Create | Villager (Male) |
| 5:38 | Create | Villager (Male) |
| 5:39 | Create | Villager (Male) |
| 5:56 | Build | Palisade Wall |
| 5:58 | Build | Palisade Wall |
| 6:03 | Create | Villager (Male) |
| 6:10 | Create | Villager (Male) |
| 6:12 | Research | Loom |
| 6:18 | Build | Farm |
| 6:35 | Build | Palisade Wall |
| 6:37 | Build | Palisade Wall |
| 6:39 | Create | Villager (Male) |
| 6:42 | Build | Palisade Wall |
| 7:41 | Build | Lumber Camp |
| 7:59 | Research | Feudal Age |
| 7:59 | Research | Feudal Age |
| 8:26 | Build | Barracks |
| 9:37 | Build | Palisade Wall |
| 9:41 | Build | Palisade Wall |
| 9:55 | Build | Mill |
| 10:07 | Create | Villager (Male) |
| 10:09 | Age | Feudal Age |
| 10:11 | Build | Stable |
| 10:15 | Create | Villager (Male) |
| 10:16 | Research | Double-Bit Axe |
| 10:16 | Research | Horse Collar |
| 10:16 | Research | Horse Collar |
| 10:44 | Build | Palisade Wall |
| 10:45 | Build | Palisade Wall |
| 10:55 | Create | Villager (Male) |
| 11:00 | Create | Scout Cavalry |
| 11:01 | Create | Scout Cavalry |
| 11:12 | Build | Palisade Wall |
| 11:21 | Create | Villager (Male) |
| 11:27 | Build | Farm |
| 11:44 | Create | Scout Cavalry |
| 11:44 | Create | Scout Cavalry |
| 11:50 | Create | Villager (Male) |
| 12:01 | Build | Palisade Wall |
| 12:03 | Build | Farm |
| 12:04 | Build | Farm |
| 12:13 | Create | Villager (Male) |
| 12:15 | Build | Farm |
| 12:19 | Build | Farm |
| 12:29 | Build | Blacksmith |
| 12:32 | Create | Scout Cavalry |
| 12:32 | Create | Scout Cavalry |
| 12:40 | Build | Building 796 |
| 12:46 | Create | Villager (Male) |
| 12:54 | Create | Villager (Male) |
| 13:18 | Create | Villager (Male) |
| 13:22 | Build | Farm |
| 13:23 | Build | Farm |
| 13:24 | Build | Farm |
| 13:30 | Research | Forging |
| 13:30 | Research | Forging |
| 13:38 | Create | Villager (Male) |
| 13:56 | Build | Farm |
| 14:03 | Create | Villager (Male) |
| 14:11 | Create | Villager (Male) |
| 14:15 | Create | Villager (Male) |
| 14:23 | Build | Stable |
| 14:30 | Create | Villager (Male) |
| 14:36 | Create | Villager (Male) |
| 14:41 | Build | Farm |
| 14:52 | Create | Scout Cavalry |
| 14:52 | Create | Scout Cavalry |
| 15:05 | Build | Farm |
| 15:05 | Build | Farm |
| 15:16 | Create | Scout Cavalry |
| 15:17 | Create | Scout Cavalry |
| 15:17 | Create | Scout Cavalry |
| 15:39 | Create | Scout Cavalry |
| 15:39 | Create | Scout Cavalry |
| 16:04 | Create | Scout Cavalry |
| 16:04 | Create | Scout Cavalry |
| 16:05 | Create | Scout Cavalry |
| 16:14 | Build | Mining Camp |
| 16:42 | Build | Market |
| 16:47 | Build | Stone Wall |
| 16:50 | Research | Scale Barding Armor |
| 16:50 | Research | Scale Barding Armor |
| 16:53 | Create | Scout Cavalry |
| 16:53 | Create | Scout Cavalry |
| 16:54 | Create | Scout Cavalry |
| 17:05 | Build | Farm |
| 17:06 | Build | Farm |
| 17:06 | Build | Farm |
| 17:07 | Build | Farm |
| 17:24 | Create | Villager (Male) |
| 17:31 | Build | Stable |
| 17:42 | Create | Scout Cavalry |
| 17:42 | Create | Scout Cavalry |
| 17:44 | Create | Villager (Male) |
| 18:05 | Create | Villager (Male) |
| 18:07 | Build | Farm |
| 18:07 | Build | Farm |
| 18:25 | Create | Scout Cavalry |
| 18:53 | Create | Scout Cavalry |
| 18:53 | Create | Scout Cavalry |
| 18:59 | Build | Building 487 |
| 19:10 | Research | Bloodlines |
| 19:10 | Research | Bloodlines |
| 19:21 | Build | Lumber Camp |
| 19:43 | Create | Villager (Male) |
| 19:46 | Create | Villager (Male) |
| 20:12 | Create | Villager (Male) |
| 20:36 | Research | Wheelbarrow |
| 20:36 | Research | Wheelbarrow |
| 21:44 | Research | Castle Age |
| 22:22 | Research | Gold Mining |
| 24:53 | Age | Castle Age |
| 24:55 | Research | Chain Barding Armor |
| 24:56 | Research | Chain Barding Armor |
| 24:57 | Research | Bow Saw |
| 24:57 | Research | Bow Saw |
| 24:58 | Create | Knight |
| 24:58 | Create | Knight |
| 24:58 | Create | Knight |
| 24:58 | Create | Knight |
| 24:59 | Create | Knight |
| 24:59 | Create | Knight |
| 24:59 | Create | Knight |
| 24:59 | Create | Knight |
| 25:00 | Create | Knight |
| 25:00 | Create | Knight |
Build order — memecoin enthusiast
First 150 of 465 actions detected
| 0:00 | Create | Villager (Male) |
| 0:00 | Create | Villager (Male) |
| 0:01 | Create | Villager (Male) |
| 0:01 | Create | Villager (Male) |
| 0:01 | Create | Villager (Male) |
| 0:03 | Build | House |
| 0:04 | Build | House |
| 1:20 | Create | Villager (Male) |
| 1:57 | Create | Villager (Male) |
| 1:57 | Create | Villager (Male) |
| 2:16 | Create | Villager (Male) |
| 2:16 | Create | Villager (Male) |
| 2:25 | Build | Lumber Camp |
| 2:58 | Create | Villager (Male) |
| 2:58 | Create | Villager (Male) |
| 3:00 | Create | Villager (Male) |
| 3:01 | Create | Villager (Male) |
| 3:21 | Build | House |
| 3:54 | Create | Villager (Male) |
| 3:54 | Create | Villager (Male) |
| 3:55 | Create | Villager (Male) |
| 3:55 | Create | Villager (Male) |
| 3:56 | Create | Villager (Male) |
| 3:57 | Create | Villager (Male) |
| 4:19 | Build | Mill |
| 4:57 | Create | Villager (Male) |
| 5:41 | Build | Mill |
| 6:01 | Create | Villager (Male) |
| 6:04 | Research | Loom |
| 6:04 | Research | Loom |
| 6:30 | Research | Feudal Age |
| 6:30 | Research | Feudal Age |
| 7:25 | Build | House |
| 7:35 | Build | House |
| 7:50 | Build | Barracks |
| 7:56 | Create | Villager (Male) |
| 8:34 | Age | Feudal Age |
| 8:42 | Build | Stable |
| 8:51 | Create | Villager (Male) |
| 9:13 | Create | Villager (Male) |
| 9:14 | Research | Double-Bit Axe |
| 9:14 | Research | Double-Bit Axe |
| 9:29 | Build | House |
| 9:35 | Build | Palisade Wall |
| 9:36 | Build | Palisade Wall |
| 9:37 | Build | Palisade Wall |
| 9:40 | Build | Palisade Wall |
| 9:42 | Create | Villager (Male) |
| 9:46 | Build | House |
| 9:47 | Build | House |
| 10:07 | Build | Palisade Wall |
| 10:08 | Create | Villager (Male) |
| 10:09 | Create | Scout Cavalry |
| 10:09 | Create | Scout Cavalry |
| 10:10 | Create | Scout Cavalry |
| 10:11 | Create | Villager (Male) |
| 10:22 | Build | Palisade Wall |
| 10:24 | Build | Palisade Wall |
| 10:51 | Create | Villager (Male) |
| 10:58 | Build | Farm |
| 10:59 | Build | Farm |
| 11:03 | Create | Villager (Male) |
| 11:18 | Create | Villager (Male) |
| 11:21 | Build | Farm |
| 11:44 | Create | Villager (Male) |
| 11:47 | Create | Scout Cavalry |
| 11:47 | Create | Scout Cavalry |
| 11:49 | Build | Farm |
| 11:51 | Build | Farm |
| 12:14 | Create | Villager (Male) |
| 12:17 | Build | Farm |
| 12:21 | Build | Farm |
| 12:40 | Research | Horse Collar |
| 12:41 | Create | Villager (Male) |
| 12:49 | Create | Scout Cavalry |
| 13:01 | Create | Villager (Male) |
| 13:09 | Build | Farm |
| 13:30 | Create | Villager (Male) |
| 13:31 | Create | Scout Cavalry |
| 13:35 | Build | House |
| 13:37 | Build | House |
| 13:47 | Build | Palisade Wall |
| 13:49 | Create | Villager (Male) |
| 13:53 | Build | Farm |
| 13:55 | Build | Farm |
| 13:56 | Build | Farm |
| 14:00 | Create | Villager (Male) |
| 14:28 | Create | Villager (Male) |
| 14:35 | Create | Scout Cavalry |
| 15:09 | Create | Villager (Male) ×5 |
| 15:13 | Build | Mining Camp |
| 15:20 | Build | Lumber Camp |
| 15:23 | Build | Farm |
| 15:29 | Build | Market |
| 15:30 | Build | Blacksmith |
| 15:48 | Build | Farm |
| 15:54 | Build | Farm |
| 15:55 | Build | Farm |
| 16:18 | Create | Villager (Male) |
| 16:27 | Create | Villager (Male) |
| 16:31 | Build | Farm |
| 16:33 | Build | Farm |
| 16:39 | Build | Farm |
| 17:02 | Build | Blacksmith |
| 17:06 | Build | House |
| 17:07 | Build | House |
| 17:34 | Build | House |
| 17:38 | Build | House |
| 18:14 | Research | Castle Age |
| 18:14 | Research | Castle Age |
| 18:32 | Build | Palisade Gate |
| 18:40 | Build | Palisade Gate |
| 18:43 | Create | Villager (Male) |
| 18:45 | Build | Stable |
| 18:52 | Build | House |
| 19:07 | Build | Farm |
| 19:08 | Build | Farm |
| 19:28 | Research | Scale Barding Armor |
| 19:28 | Research | Scale Barding Armor |
| 20:08 | Create | Villager (Male) |
| 20:39 | Age | Castle Age |
| 20:48 | Build | Town Center |
| 20:49 | Research | Bow Saw |
| 21:01 | Build | Town Center |
| 21:05 | Create | Villager (Male) |
| 21:07 | Create | Knight |
| 21:07 | Create | Knight |
| 21:08 | Research | Bloodlines |
| 21:08 | Research | Husbandry |
| 21:09 | Research | Husbandry |
| 21:13 | Create | Villager (Male) |
| 21:15 | Create | Knight |
| 21:15 | Create | Knight |
| 21:26 | Research | Gold Mining |
| 21:46 | Create | Villager (Male) |
| 21:53 | Create | Knight |
| 21:53 | Create | Knight |
| 21:56 | Create | Knight |
| 21:56 | Create | Knight |
| 22:04 | Build | Lumber Camp |
| 22:10 | Create | Villager (Male) |
| 22:33 | Build | Farm |
| 22:35 | Create | Knight |
| 22:36 | Create | Villager (Male) |
| 22:36 | Create | Villager (Male) |
| 22:37 | Create | Villager (Male) |
| 22:44 | Create | Villager (Male) |
| 22:44 | Create | Villager (Male) |
| 22:55 | Build | Farm |
| 22:56 | Build | Farm |
Match timeline
| 5:56 | InsecT | ScoTherroR · wall_segment Palisade Wall x4 |
| 5:58 | InsecT | ScoTherroR · wall_segment Palisade Wall x6 |
| 6:08 | KhanShinnok · wall_segment Palisade Wall x6 |
| 6:35 | InsecT | ScoTherroR · wall_segment Palisade Wall x11 |
| 6:37 | InsecT | ScoTherroR · wall_segment Palisade Wall x2 |
| 6:42 | InsecT | ScoTherroR · wall_segment Palisade Wall x1 |
| 7:44 | KhanShinnok · wall_segment Palisade Wall x6 |
| 7:46 | old_monk_aoe · first_building Barracks |
| 7:50 | memecoin enthusiast · first_building Barracks |
| 8:15 | KhanShinnok · wall_segment Palisade Wall x10 |
| 8:18 | optimal_brain_damage · first_building Barracks |
| 8:22 | schopeng · first_building Barracks |
| 8:26 | InsecT | ScoTherroR · first_building Barracks |
| 8:32 | KhanShinnok · wall_segment Palisade Wall x10 |
| 8:34 | memecoin enthusiast · age_up feudal |
| 8:34 | KhanShinnok · wall_segment Palisade Wall x3 |
| 8:42 | memecoin enthusiast · first_building Stable |
| 8:59 | LordCow · first_building Barracks |
| 9:01 | old_monk_aoe · age_up feudal |
| 9:03 | old_monk_aoe · first_building Archery Range |
| 9:03 | optimal_brain_damage · age_up feudal |
| 9:05 | optimal_brain_damage · first_building Stable |
| 9:07 | 2rich4u81 · first_building Barracks |
| 9:33 | 2rich4u81 · age_up feudal |
| 9:35 | memecoin enthusiast · wall_segment Palisade Wall x1 |
| 9:36 | memecoin enthusiast · wall_segment Palisade Wall x1 |
| 9:37 | InsecT | ScoTherroR · wall_segment Palisade Wall x7 |
| 9:37 | memecoin enthusiast · wall_segment Palisade Wall x1 |
| 9:40 | memecoin enthusiast · wall_segment Palisade Wall x11 |
| 9:41 | InsecT | ScoTherroR · wall_segment Palisade Wall x1 |
| 9:48 | LordCow · age_up feudal |
| 9:50 | schopeng · age_up feudal |
| 9:51 | KhanShinnok · wall_segment Palisade Wall x4 |
| 9:52 | LordCow · first_building Stable |
| 9:53 | schopeng · first_building Stable |
| 10:07 | memecoin enthusiast · wall_segment Palisade Wall x1 |
| 10:09 | InsecT | ScoTherroR · age_up feudal |
| 10:10 | 2rich4u81 · first_building Archery Range |
| 10:11 | InsecT | ScoTherroR · first_building Stable |
| 10:22 | memecoin enthusiast · wall_segment Palisade Wall x19 |
| 10:24 | memecoin enthusiast · wall_segment Palisade Wall x6 |
| 10:37 | KhanShinnok · first_building Barracks |
| 10:44 | schopeng · wall_segment Palisade Wall x1 |
| 10:44 | InsecT | ScoTherroR · wall_segment Palisade Wall x4 |
| 10:45 | InsecT | ScoTherroR · wall_segment Palisade Wall x4 |
| 10:45 | schopeng · wall_segment Palisade Wall x1 |
| 11:07 | LordCow · wall_segment Palisade Wall x7 |
| 11:12 | InsecT | ScoTherroR · wall_segment Palisade Wall x21 |
| 11:27 | KhanShinnok · age_up feudal |
| 11:27 | 2rich4u81 · wall_segment Palisade Wall x1 |
| 11:35 | 2rich4u81 · wall_segment Palisade Wall x1 |
| 11:40 | 2rich4u81 · wall_segment Palisade Wall x15 |
| 11:40 | KhanShinnok · first_building Archery Range |
| 11:47 | 2rich4u81 · wall_segment Palisade Wall x1 |
| 11:57 | KhanShinnok · wall_segment Palisade Wall x7 |
| 12:00 | LordCow · wall_segment Palisade Wall x1 |
| 12:01 | old_monk_aoe · wall_segment Palisade Wall x1 |
| 12:01 | InsecT | ScoTherroR · wall_segment Palisade Wall x7 |
| 12:11 | 2rich4u81 · wall_segment Palisade Wall x1 |
| 12:20 | LordCow · first_building Archery Range |
| 12:34 | old_monk_aoe · wall_segment Palisade Wall x7 |
| 12:37 | LordCow · wall_segment Palisade Wall x6 |
| 13:06 | 2rich4u81 · wall_segment Palisade Wall x7 |
| 13:15 | 2rich4u81 · wall_segment Palisade Wall x7 |
| 13:35 | KhanShinnok · wall_segment Stone Wall x1 |
| 13:47 | memecoin enthusiast · wall_segment Palisade Wall x1 |
| 14:28 | 2rich4u81 · wall_segment Palisade Wall x1 |
| 14:35 | schopeng · wall_segment Palisade Wall x5 |
| 15:04 | optimal_brain_damage · wall_segment Palisade Wall x16 |
| 15:14 | optimal_brain_damage · wall_segment Palisade Wall x7 |
| 16:10 | 2rich4u81 · wall_segment Palisade Wall x10 |
| 16:12 | 2rich4u81 · wall_segment Palisade Wall x4 |
| 16:31 | optimal_brain_damage · wall_segment Palisade Wall x1 |
| 16:32 | optimal_brain_damage · wall_segment Palisade Wall x1 |
| 16:32 | optimal_brain_damage · wall_segment Palisade Wall x1 |
| 16:39 | optimal_brain_damage · wall_segment Palisade Wall x1 |
| 16:41 | optimal_brain_damage · wall_segment Palisade Wall x1 |
| 16:47 | InsecT | ScoTherroR · wall_segment Stone Wall x7 |
| 17:01 | old_monk_aoe · first_market_sell 100 stone |
| 17:01 | old_monk_aoe · first_market_buy 100 food |
| 17:10 | optimal_brain_damage · wall_segment Palisade Wall x8 |
| 18:00 | old_monk_aoe · wall_segment Palisade Wall x1 |
| 18:51 | old_monk_aoe · wall_segment Palisade Wall x5 |
| 19:07 | schopeng · wall_segment Palisade Wall x5 |
| 19:12 | schopeng · wall_segment Palisade Wall x6 |
| 20:01 | old_monk_aoe · age_up castle |
| 20:39 | memecoin enthusiast · age_up castle |
| 21:13 | InsecT | ScoTherroR · first_market_sell 100 wood |
| 21:13 | InsecT | ScoTherroR · first_market_buy 100 food |
| 21:50 | optimal_brain_damage · age_up castle |
| 22:29 | schopeng · wall_segment Palisade Wall x6 |
| 22:45 | schopeng · wall_segment Palisade Wall x1 |
| 22:46 | schopeng · wall_segment Palisade Wall x1 |
| 22:47 | schopeng · wall_segment Palisade Wall x1 |
| 22:48 | schopeng · wall_segment Palisade Wall x1 |
| 22:50 | schopeng · wall_segment Palisade Wall x6 |
| 22:53 | schopeng · age_up castle |
| 22:59 | LordCow · wall_segment Palisade Wall x12 |
| 23:00 | KhanShinnok · first_market_sell 100 wood |
| 23:03 | KhanShinnok · first_market_buy 100 food |
| 23:34 | LordCow · first_market_buy 100 food |
| 24:02 | optimal_brain_damage · first_building Monastery |
| 24:10 | schopeng · wall_segment Palisade Wall x10 |
| 24:32 | memecoin enthusiast · first_market_sell 100 wood |
| 24:33 | memecoin enthusiast · first_market_buy 100 food |
| 24:53 | InsecT | ScoTherroR · age_up castle |
| 25:03 | 2rich4u81 · wall_segment Palisade Wall x1 |
| 25:08 | 2rich4u81 · age_up castle |
| 26:16 | KhanShinnok · age_up castle |
| 26:40 | KhanShinnok · wall_segment Stone Wall x1 |
| 26:43 | LordCow · age_up castle |
| 27:05 | LordCow · first_building Castle |
| 27:48 | InsecT | ScoTherroR · first_building Monastery |
| 27:52 | LordCow · first_building Siege Workshop |
| 27:55 | schopeng · wall_segment Palisade Wall x1 |
| 27:56 | schopeng · wall_segment Palisade Wall x1 |
| 27:57 | schopeng · wall_segment Palisade Wall x1 |
| 27:57 | schopeng · wall_segment Palisade Wall x1 |
| 28:03 | KhanShinnok · wall_segment Stone Wall x8 |
| 28:33 | KhanShinnok · wall_segment Stone Wall x34 |
| 28:47 | LordCow · wall_segment Stone Wall x1 |
| 29:01 | LordCow · first_market_sell 100 food |
| 30:08 | 2rich4u81 · wall_segment Palisade Wall x1 |
| 30:12 | 2rich4u81 · wall_segment Palisade Wall x4 |
| 32:50 | LordCow · wall_segment Stone Wall x1 |
| 32:51 | schopeng · first_building Monastery |
| 32:52 | LordCow · wall_segment Stone Wall x1 |
| 33:32 | optimal_brain_damage · first_market_sell 500 wood |
| 34:09 | 2rich4u81 · first_building Monastery |
| 34:27 | InsecT | ScoTherroR · first_building Castle |
| 34:30 | LordCow · first_building Monastery |
| 34:38 | InsecT | ScoTherroR · wall_segment Palisade Wall x1 |
| 35:05 | 2rich4u81 · first_market_sell 100 food |
| 35:53 | InsecT | ScoTherroR · resign |
[ AI ANALYSIS · 1 CREDIT ]
What really happened in this match?
Wolo.gg analyzes every decision: build order, eco, micro, common mistakes by bracket. Personalized analysis on WhatsApp or Discord in 30 seconds.
Civ guide
Mongols
Perfil
Jugador #1987437